 Dungeon Crawl Stone Soup version 0.30-a0-187-gd9c2deaf24 (webtiles) character file.

Game seed: 16719348630486445540

266 freelancePsychic the Covered (level 6, -2/54 HPs)
             Began as an Armataur Wanderer on Oct 3, 2022.
             Slain by a scorpion (4 damage)
             ... on level 5 of the Dungeon.
             The game lasted 00:05:25 (3242 turns).

freelancePsychic the Covered (Armataur Wanderer)    Turns: 3242, Time: 00:05:26

Health: -2/54      AC: 10    Str: 11 (19) XL:     6   Next: 0%
Magic:  7/7        EV:  2    Int: 11 (13) God:
Gold:   168        SH:  4    Dex:  2 (9)  Spells: 7/7 levels left

rFire   . . .      SeeInvis .    q - +2 dagger of Paper {speed, Stlth+}
rCold   x . .      Faith    .    s - +2 buckler
rNeg    . . .      Spirit   .    k - +0 chain mail
rPois   .          Reflect  .    (no helmet)
rElec   .          Harm     .    (no cloak)
rCorr   .          Roll     +    g - +1 pair of gloves
Will    .....      Clarity  +    (no barding)
Stlth   ..........               e - amulet of magic regeneration
HPRegen 0.29/turn                (no ring)
MPRegen 0.50/turn                (no ring)

@: about to teleport
A: large, rugged brown scales 3, deformed body, armoured tail, roll, long
tongue, awkward tongue, clarity, deterioration 1, wild magic 1, evolution 1,
cold vulnerability 1
a: no special abilities


You were on level 5 of the Dungeon.
You visited 1 branch of the dungeon, and saw 5 of its levels.

You collected 168 gold pieces.

Inventory:

Hand Weapons
 a - a +1 club of freezing
 q - the +2 dagger of Paper (weapon) {speed, Stlth+}
   (You found it on level 2 of the Dungeon)

   Attacks with this weapon are significantly faster.
   Stlth:     It makes you more stealthy.
Armour
 b - a +0 scale mail
 g - a +1 pair of gloves (worn)
 k - a +0 chain mail (worn)
 s - a +2 buckler (worn)
Jewellery
 e - an amulet of magic regeneration (around neck)
Scrolls
 f - 2 scrolls of enchant armour
 i - a scroll of identify {@r1}
Potions
 h - a potion of attraction
 n - a potion of lignification {unknown}
 o - a potion of brilliance
 p - a potion of flight
 w - a potion of haste {unknown}


   Skills:
 + Level 3.1 Fighting
 + Level 2.9 Maces & Flails
 - Level 4.0 Armour
 + Level 2.1 Shields
 - Level 1.7 Unarmed Combat
 - Level 1.0 Spellcasting
 - Level 1.7 Transmutations
 - Level 1.0 Invocations
 - Level 1.0 Evocations


You had 7 spell levels left.
You didn't know any spells.
Your spell library contained the following spells:

 Spells                   Type           Power      Damage    Failure   Level
 Beastly Appendage        Tmut           10%        N/A       100%        1
 Freeze                   Ice            0%         1d3       100%        1
 Sting                    Tmut/Pois      12%        1d3       100%        1
 Blink                    Tloc           0%         N/A       100%        2
 Ensorcelled Hibernation  Hex/Ice        0%         N/A       100%        2
 Momentum Strike          Conj/Tloc      0%         3d8       100%        2
 Passwall                 Tmut/Erth      2%         N/A       100%        2
 Frozen Ramparts          Ice            0%         1d1       100%        3
 Hailstorm                Conj/Ice       0%         3d3       100%        3
 Lesser Beckoning         Tloc           0%         N/A       100%        3
 Swiftness                Air            0%         N/A       100%        3
 Petrify                  Tmut/Erth      3%         N/A       100%        4


Dungeon Overview and Level Annotations

Branches:
Dungeon (5/15)
 Temple: D:4-7

Altars:

Annotations:
D:4 Pikel
D:5 Ijyb


Innate Abilities, Weirdness & Mutations

You are completely covered in rugged brown scales. (AC +3, +7% HP)
Armour fits poorly on your strangely shaped body.
You have a long armoured tail.
You roll when moving toward enemies. (Rampage)
Your long tongue fully drains potion bottles. (2x potion effects)
Your tongue gives you trouble enunciating. (1.5x scroll delay)
You possess an exceptional clarity of mind.
Your body sometimes deteriorates upon taking damage.
Your spells are a little harder to cast, but a little more powerful.
You have hidden genetic potential.
You are vulnerable to cold. (rC-)


Message History

It is a scroll of brand weapon.
Your +0 club is covered with a thin layer of ice!
a - a +0 club of freezing Your butterfly disappears in a burst of colours!
You block the orc wizard's attack.
The orc wizard hits you but does no damage.
As you read the scroll labelled RUMIONN DASTRISS, it crumbles to dust.
It is a scroll of enchant weapon.
Your +0 club of freezing glows red for a moment.
The scorpion stings you.
Ijyb zaps a wand.
The puff of flame hits you. You block the orc wizard's attack.
The orc wizard gestures wildly while chanting.
The orc wizard flickers and vanishes!
Deactivating autopickup; reactivate with Ctrl-A.
As you read the scroll labelled TYOLIA LADI, it crumbles to dust.
You feel strangely unstable.
It was a scroll of teleportation.
The scorpion stings you but does no damage.
The orc wizard hits you with a +0 dagger.
You hear some strange, mumbled words.
Something tries to affect you, but you resist.
The scorpion stings you. You block something's attack.
You block the orc wizard's attack.
You hit something but do no damage.
Your tail-slap misses something.
The scorpion stings you.
You hit something.
Your tail-slap misses something.
The orc wizard hits you but does no damage.
Ijyb zaps a wand.
The puff of flame hits you.
* * * LOW HITPOINT WARNING * * *
Something hits you.
* * * LOW HITPOINT WARNING * * *
The scorpion stings you.
* * * LOW HITPOINT WARNING * * *
You miss something. The orc wizard casts a spell at you.
The puff of flame hits you!
* * * LOW HITPOINT WARNING * * *
Something hits you but does no damage. The scorpion stings you.
You die...

...s. ..... #....
(... # ##.#..#
#.## #...#..##
#.oo####..#
#...##
#{@g....###....#
###s..#........##
#.#######)<...#
#.# #.#......
###.# #.#......
#...# #.##.....
###.### #.# .....
#.b.# #.# #....
##.## #.# ....


You could see Ijyb, a scorpion, an orc wizard and an orc.

Vanquished Creatures
  A necrophage (D:4)
  A gnoll bouda (D:4)
  An orc wizard (D:3)
  5 gnolls (D:4)
  2 adders
  2 worms (D:2)
  A dart slug (D:1)
  9 orcs (D:3)
  4 ball pythons
  8 endoplasms
  4 giant cockroaches
  5 goblins
  7 hobgoblins
  2 jackals (D:2)
  A quokka (D:2)
  9 bats
  6 frilled lizards
  3 kobolds
  5 rats
76 creatures vanquished.

Notes
Turn   | Place    | Note
-------+----------+-------------------------------------------
     0 | D:1      | freelancePsychic the Armataur Wanderer began the quest for
                  | the Orb.
     0 | D:1      | freelancePsychic set off with the following items: a +0
                  | club, a +0 scale mail, a scroll of butterflies, a potion of
                  | curing {@q1}; and the following spells available to
                  | memorise: Beastly Appendage, Sting, Petrify.
     0 | D:1      | Reached XP level 1. HP: 17/17 MP: 2/2
   273 | D:1      | Reached XP level 2. HP: 24/24 MP: 3/3
   419 | D:1      | Reached skill level 1 in Maces & Flails
   464 | D:1      | Reached skill level 3 in Armour
   894 | D:2      | Reached XP level 3. HP: 24/31 MP: 4/4
  1336 | D:2      | Identified the +1 ring mail "Lietavie" {*Corrode rPois
                  | Will+ Dex+4}
  1466 | D:2      | Identified the +2 dagger of Paper {speed, Stlth+}
  1677 | D:3      | Reached XP level 4. HP: 22/38 MP: 5/5
  2017 | D:3      | Reached skill level 4 in Armour
  2548 | D:4      | Noticed a necrophage
  2573 | D:4      | Killed a necrophage
  2574 | D:4      | Reached skill level 1 in Shields
  2574 | D:4      | Reached XP level 5. HP: 28/44 MP: 6/6
  2827 | D:4      | Gained mutation: Your body sometimes deteriorates upon
                  | taking damage. [potion of mutation]
  2827 | D:4      | Gained mutation: Your spells are a little harder to cast,
                  | but a little more powerful. [potion of mutation]
  2827 | D:4      | Gained mutation: You have hidden genetic potential. [potion
                  | of mutation]
  2827 | D:4      | Gained mutation: You are vulnerable to cold. (rC-) [potion
                  | of mutation]
  2827 | D:4      | Gained mutation: You possess an exceptional clarity of
                  | mind. [potion of mutation]
  2878 | D:4      | HP: 2/48 [gnoll/+0 halberd[a gnoll bouda] (6)]
  3130 | D:4      | Reached XP level 6. HP: 47/54 MP: 7/7
  3165 | D:4      | Noticed Pikel
  3170 | D:5      | Entered Level 5 of the Dungeon
  3170 | D:5      | Noticed Ijyb
  3242 | D:5      | HP: 2/54 [orc wizard/puff of flame (7)]
  3242 | D:5      | Slain by a scorpion

Illustrated notes

Levels and vault maps discovered:
D:1:      roderic_crossed_star, layout_loops_cross, nicolae_figureground_sparkle
D:2:      layout_basic, minmay_misc_feat_secret_circle, serial_park_tiny_pond,
          minmay_tromino_v2
D:3:      layout_basic
D:4:      layout_loops_ring, mainiacjoe_overflow_six_doors_small,
          chequers_serial_rivers_large_b, uniq_pikel
D:5:      layout_rooms, lemuel_flamethrower_1, uniq_sigmund, uniq_ijyb

Skill      XL: |  1  2  3  4  5 |
---------------+----------------+-----
Maces & Flails | 1 2 |  2.9
Armour         | 3 4 |  4.0
Fighting       | 2 3 |  3.1
Shields        | 1 2 |  2.1
Unarmed Combat | |  1.7
Spellcasting   | |  1.0
Transmutations | |  1.7
Invocations    | |  1.0
Evocations     | |  1.0

Action                   |  1- 3 |  4- 6 || total
-------------------------+-------+-------++-------
Melee: Club              |   175 |       ||   175
       Tailslap          |    22 |    23 ||    45
       Punch             |     1 |       ||     1
       Dagger            |     7 |   228 ||   235
  Use: Potion            |       |     8 ||     8
       Scroll            |       |     7 ||     7
Armor: Scale mail        |    63 |       ||    63
       Chain mail        |    71 |    88 ||   159
Dodge: Dodged            |    66 |    24 ||    90
Block: Buckler           |       |    27 ||    27

Table legend: (Time is in decaauts)
 A = Elapsed time spent in this place.
 B = Non-inter-level travel time spent in this place.
 C = Inter-level travel time spent in this place.
 D = Time resting spent in this place.
 E = Time spent auto-exploring this place.
 F = Levels seen in this place.
 G = Mean time per level.
                   A        B        C        D        E       F      G
               +--------+--------+--------+--------+--------+-----+--------+
         Total |   3214 |   3080 |    134 |      0 |   2404 |   5 |  642.8 |
       Dungeon |   3214 |   3080 |    134 |      0 |   2404 |   5 |  642.8 |
               +--------+--------+--------+--------+--------+-----+--------+

Top non-repeatable levels by time:
     D:1: 897 daAuts
     D:3: 813 daAuts
     D:2: 787 daAuts
     D:4: 646 daAuts
     D:5: 69 daAuts
